 Dungeon Crawl Stone Soup version 0.24.1-11-gbbbb2193e6 (webtiles) character file.

Game seed: 14123209019514786394, levelgen mode: deterministic

58 Hugehornet the Changer (level 4, 0/28 HPs)
             Began as an Octopode Transmuter on May 10, 2020.
             Slain by a rat (2 damage)
             ... on level 1 of the Dungeon.
             The game lasted 00:01:35 (891 turns).

Hugehornet the Changer (Octopode Transmuter)         Turns: 891, Time: 00:01:37

Health: 0/28       AC:  1    Str:  9    XL:     4   Next: 2%
Magic:  7/8        EV: 11    Int: 16    God:
Gold:   31         SH:  0    Dex: 12    Spells: 2/8 levels left

rFire    . . .     SeeInvis .     - Unarmed
rCold    . . .     Gourm    .   (no shield)
rNeg     . . .     Faith    .   (helmet restricted)
rPois    .         Spirit   .   (no amulet)
rElec    .         Reflect  .   b - -2 ring of evasion (curse)
rCorr    .         Harm     .   (no ring)
MR       .....                  (no ring)
Stlth    ++........             (no ring)
HPRegen  0.09/turn              (no ring)
MPRegen  0.11/turn              (no ring)
                                (no ring)
                                (no ring)

@: no status effects
A: almost no armour, stealthy swim, amphibious, 8 rings, constrict 8, camouflage
1, gelatinous body 1
a: no special abilities


You were on level 1 of the Dungeon.
You were not hungry.

You visited 1 branch of the dungeon, and saw 2 of its levels.

You collected 31 gold pieces.

Inventory:

Missiles
 a - 12 arrows
Jewellery
 b - a cursed -2 ring of evasion (left tentacle)
Scrolls
 d - 4 scrolls of remove curse {unknown}
Comestibles
 c - 2 rations


   Skills:
 - Level 1.0 Fighting
 - Level 2.0 Dodging
 + Level 3.1 Unarmed Combat
 + Level 2.6 Spellcasting
 - Level 3.1 Transmutations
 * Level 1.5 Poison Magic


You had 2 spell levels left.
You knew the following spells:

 Your Spells              Type           Power        Failure   Level  Hunger
a - Beastly Appendage     Tmut           ##....       5%          1    #......
b - Sticks to Snakes      Tmut           ##......     9%          2    ##.....
c - Spider Form           Tmut/Pois      #.........   22%         3    ###....

Your spell library contained the following spells:

 Spells                   Type           Power        Failure   Level  Hunger
 Ice Form                 Ice/Tmut       #.......     71%         4    #####..
 Blade Hands              Tmut           ##........   83%         5    ######.


Dungeon Overview and Level Annotations

Branches:
Dungeon (2/15)

Altars:
Okawaru


Innate Abilities, Weirdness & Mutations

You cannot wear most types of armour.
You are very stealthy in the water. (Stealth+)
You are amphibious.
You can wear up to eight rings at the same time.
You can use your tentacles to constrict eight enemies at once.
Your skin changes colour to match your surroundings (Stealth+).
Your rubbery body absorbs attacks. (AC +1, EV +1)


Message History

You tentacle-slap the gnoll but do no damage.
You constrict the gnoll. The gnoll barely misses you.
The rat closely misses you.
The kobold throws a stone.
The stone barely misses you.
You tentacle-slap the gnoll.
You pierce the gnoll, but do no damage.
The gnoll is moderately wounded.
You constrict the gnoll.
The gnoll hits you with a +1 vampiric spear.
* * * LOW HITPOINT WARNING * * *
The rat bites you.
* * * LOW HITPOINT WARNING * * *
The kobold throws a stone.
The stone hits you.
* * * LOW HITPOINT WARNING * * *
It was a potion of cancellation.
Your magical effects are unravelling.
You feel magically purged.
Your tentacle spike disappears.
You constrict the gnoll. The gnoll hits you but does no damage.
The rat bites you.
You die...

.. #♣≈≈P≈≈≈≈≈≈≈≈P≈≈≈..
.....#.≈≈≈≈≈≈≈≈P≈≈≈♣♣...
.....#.♣P≈≈P≈≈≈≈♣♣♣.....
.....#.♣≈P≈P≈≈♣... .. ..
........♣P♣♣♣♣....
.........†........
............#...#.
##......(.......#
#.....@r.....>..
#....g..........
#.....J.........
#..........##+#.
#............
#.............
#...K.$.......
..........[..!


You could see a gnoll, an ooze, a kobold and a rat.

Vanquished Creatures
  4 adders (D:2)
  A worm (D:2)
  2 dart slugs (D:1)
  A ball python (D:1)
  2 goblins
  3 hobgoblins (D:2)
  A kobold (D:2)
  A quokka (D:2)
  A bat (D:1)
  A frilled lizard (D:1)
  A rat (D:2)
18 creatures vanquished.

Notes
Turn   | Place    | Note
-------+----------+-------------------------------------------
     0 | D:1      | Hugehornet the Octopode Transmuter began the quest for the
                  | Orb.
     0 | D:1      | Reached XP level 1. HP: 13/13 MP: 3/3
   120 | D:1      | Reached XP level 2. HP: 18/18 MP: 3/5
   124 | D:1      | Learned a level 2 spell: Sticks to Snakes
   141 | D:1      | You fall into a shaft and drop 1 floor!
   154 | D:2      | Found an iron altar of Okawaru.
   306 | D:2      | Reached XP level 3. HP: 15/23 MP: 4/6
   311 | D:2      | Learned a level 3 spell: Spider Form
   584 | D:2      | Reached skill level 1 in Poison Magic
   818 | D:1      | Reached XP level 4. HP: 28/28 MP: 6/8
   891 | D:1      | Slain by a rat

Levels and vault maps discovered:
D:1:      dpeg_arrival_three_smaller_balls, layout_basic, serial_bayou_ford_a
D:2:      layout_basic, old_standard_altar, okawaru_trees_1

Skill      XL: |  1  2  3 |
---------------+----------+-----
Transmutations | 3 |  3.1
Poison Magic   | 1 |  1.5
Fighting       | |  1.0
Dodging        | |  2.0
Unarmed Combat | |  3.1
Spellcasting   | |  2.6

Action                   |  1- 3 |  4- 6 || total
-------------------------+-------+-------++-------
Melee: Unarmed           |    42 |     6 ||    48
       Constrict         |    13 |     3 ||    16
       Tentacles         |     7 |     1 ||     8
       Kick              |     7 |     1 ||     8
       Punch             |       |     1 ||     1
 Cast: Beastly Appendage |    13 |     2 ||    15
  Use: Potion            |       |     1 ||     1
 Stab: Sleeping          |     2 |     1 ||     3
Armor: Skin              |     1 |     1 ||     2
Dodge: Dodged            |    26 |     5 ||    31
